Map: Taito Citadel LE

Players

HoldTheDoor

  • Race: Protoss Protoss
  • League: Diamond
  • Spawn Location: 11:00

jegul - Winner!

  • Race: Terran Terran
  • League: Diamond
  • Spawn Location: 5:00

VOD

Have the link to the VOD?

Description

Time

  • Played on: May 18, 2026, 12:53 p.m.
  • Length: 5:46
Show
View Real Time Build Order
Export as new Build Order

HoldTheDoor Protoss 

Build Orders: 1 Gate Expand, Phoenix Opening 

Get SALT Encoding   

  12  0:00  Probe  
  13  0:12  Probe  
  14  0:18  Pylon  
  14  0:23  Probe  
  15  0:32  Probe  
  15  0:40  Gateway, Probe  
  16  0:48  Assimilator  
  17  0:51  Probe  
  18  1:04  Probe  
  19  1:14  Pylon  
  19  1:16  Probe  
  20  1:28  Probe  
  21  1:34  Nexus  
  21  1:41  Cybernetics Core  
  21  1:45  Assimilator  
  21  1:54  Probe  
  21  1:56  Pylon  
  22  2:07  Probe, Adept  
  23  2:19  Probe, Warp Gate  
  23  2:22  Shield Battery  
  26  2:31  Probe  
  27  2:37  Sentry  
  27  2:38  Shield Battery  
  27  2:43  Probe  
  29  2:46  Probe  
  30  2:55  Probe  
  31  2:58  Pylon, Probe  
  32  3:07  Probe  
  32  3:11  Probe  
  34  3:15  Stalker  
  34  3:16  Stargate  
  34  3:19  Probe  
  37  3:23  Probe  
  38  3:31  Probe  
  39  3:35  Gateway  
  39  3:38  Gateway  
  39  3:43  Pylon  
  39  3:44  Probe  
  40  3:52  Phoenix  
  40  3:58  Gateway  
  42  4:07  Stalker  
  44  4:11  Probe  
  44  4:15  Assimilator  
  44  4:16  Probe  
  46  4:21  Phoenix  
  46  4:22  Twilight Council  
  46  4:23  Probe  
  49  4:31  Probe  
  50  4:34  Adept x2  
  50  4:36  Probe, Stalker  
  57  4:43  Probe  
  56  5:05  Stalker x3  
  49  5:18  Probe  
  45  5:24  Probe  
  46  5:30  Probe  
Show
View Real Time Build Order
Export as new Build Order

jegul Terran - Winner!

Build Orders: 1/1/1, Liberator Opening 

Get SALT Encoding   

  12  0:00  SCV  
  13  0:12  SCV  
  14  0:20  Supply Depot  
  14  0:24  SCV  
  15  0:31  Refinery  
  15  0:41  SCV  
  16  0:46  Barracks  
  16  0:53  SCV  
  17  0:59  Refinery  
  17  1:05  SCV  
  18  1:16  Supply Depot  
  18  1:20  SCV  
  19  1:33  Orbital Command  
  19  1:37  Reaper  
  20  1:45  Factory  
  20  1:57  Barracks  
  20  2:01  SCV  
  21  2:10  Supply Depot  
  21  2:13  Marine  
  22  2:17  SCV  
  23  2:29  Starport  
  23  2:30  Factory Tech Lab  
  23  2:47  Barracks Reactor  
  23  2:49  SCV  
  23  2:51  Siege Tank  
  27  2:57  Marine  
  28  3:01  SCV  
  29  3:08  Liberator  
  32  3:15  Supply Depot  
  32  3:17  Marine  
  33  3:26  Siege Tank, Marine x2  
  38  3:32  Supply Depot  
  38  3:37  SCV  
  38  3:40  Marine  
  40  3:44  Marine  
  40  3:46  Marine  
  42  3:52  Liberator  
  45  3:57  Marine  
  45  3:59  SCV  
  47  4:27  Marine x3  
  47  4:29  Cyclone  
  53  4:44  Marine  
  53  4:45  Marine  
  55  4:49  Liberator, Marine  
  56  5:13  Marine x3  
Tags
 
Add a new tag
Caveats
  • Supply blocks, unpowered buildings, or Contaminate may cause inaccurate times.
  • Supply counts are checked every 10 seconds.